 Dungeon Crawl Stone Soup version 0.31-a0-366-ga77b45bd9b (webtiles) character file.

Game seed: 9884445917093785068

106 Conn the Sneak (level 4, -5/27 HPs)
             Began as an Octopode Fire Elementalist on July 28, 2023.
             Slain by a gnoll
             ... wielding a +0 whip
              (7 damage)
             ... on level 3 of the Dungeon.
             The game lasted 00:03:30 (1817 turns).

Conn the Sneak (Octopode Fire Elementalist)         Turns: 1817, Time: 00:03:30

Health: -5/27      AC:  1    Str:  7    XL:     4   Next: 84%
Magic:  1/7        EV: 13    Int: 19    God:
Gold:   72         SH:  0    Dex: 12    Spells: 7/8 levels left

rFire   . . .        p - staff of cold
rCold   + + .        (no shield)
rNeg    . . .        (helmet restricted)
rPois   +            (no amulet)
rElec   .            e - ring of protection from cold
rCorr   .            k - ring of poison resistance
SInv    .            (no ring)
Will    .....        (no ring)
Stlth   +++          (no ring)
HPRegen 0.24/turn    (no ring)
MPRegen 0.10/turn    (no ring)
                     (no ring)

%: no passive effects
@: very slightly contaminated
A: almost no armour, amphibious, 8 rings, camouflage 1, gelatinous body 1,
(nimble swimmer 1), tentacles
a: no special abilities


You were on level 3 of the Dungeon.
You visited 1 branch of the dungeon, and saw 3 of its levels.

You collected 72 gold pieces.

Inventory:

Hand Weapons
 d - a +1 dagger
Missiles
 f - 2 poisoned darts
Magical Staves
 p - a staff of cold (weapon)
Jewellery
 e - a ring of protection from cold (left tentacle)
 k - a ring of poison resistance (right tentacle)
Scrolls
 b - a scroll of identify {unknown}
 j - a scroll of revelation {unknown}
 n - a scroll of noise {unknown}
 o - a scroll of poison {unknown}
Potions
 a - a potion of magic
 c - a potion of heal wounds {unknown}
 g - a potion of resistance {unknown}
 i - a potion of degeneration {unknown}
 m - a potion of berserk rage {unknown}
 q - a potion of might {unknown}


   Skills:
 + Level 0.2 Fighting
 + Level 1.3 Short Blades
 + Level 2.4 Dodging
 + Level 4.1 Stealth
 + Level 2.5 Spellcasting
 + Level 1.5 Conjurations
 + Level 3.7 Fire Magic


You had 7 spell levels left.
You knew the following spells:

 Your Spells              Type           Power      Damage    Failure   Level
a - Foxfire               Conj/Fire      48%        2x1d6     5%          1

Your spell library contained the following spells:

 Spells                   Type           Power      Damage    Failure   Level
 Scorch                   Fire           32%        2d6       5%          2
 Inner Flame              Hex/Fire       9%         N/A       22%         3
 Volatile Blastmotes      Fire/Tloc      18%        2d11      22%         3
 Flame Wave               Conj/Fire      12%        2d6       50%         4


Dungeon Overview and Level Annotations

Branches:
Dungeon (3/15)

Altars:
Elyvilon

Shops:
D:2 (


Innate Abilities, Weirdness & Mutations

You cannot wear most types of armour.
You are amphibious.
You can wear up to eight rings at the same time.
Your skin changes colour to match your surroundings (Stealth+).
Your rubbery body absorbs attacks. (AC +1, EV +1)
((You are camouflaged when in or above water. (Stealth+)))
You have tentacles for arms and can constrict up to eight enemies at once.


Message History

The gnoll hits you with a +0 whip.
A gnoll comes into view. It is wielding a +0 halberd.
Casting: Foxfire (safe; 5% risk of failure)
Confirm with . or Enter, or press ? or * to list all spells.
You conjure some foxfire!
The foxfire hits the gnoll.
The gnoll is moderately wounded.
The foxfire hits the gnoll.
The gnoll is moderately wounded.
The gnoll hits you with a +0 whip.
Casting: Foxfire (safe; 5% risk of failure)
Confirm with . or Enter, or press ? or * to list all spells.
You conjure some foxfire!
The foxfire hits the gnoll.
The gnoll is severely wounded.
The foxfire hits the gnoll.
The gnoll is severely wounded.
The gnoll hits you with a +0 whip.
Casting: Foxfire (safe; 5% risk of failure)
Confirm with . or Enter, or press ? or * to list all spells.
You miscast Foxfire.
You are very lightly contaminated with residual magic.
Nothing appears to happen.
The foxfire hits the gnoll.
The gnoll is severely wounded.
The foxfire hits the gnoll.
You kill the gnoll!
The gnoll hits you with a +0 club.
Unknown command.
Unknown command.
The gnoll attacks as you move away! The gnoll hits you with a +0 club.
* * * LOW HITPOINT WARNING * * *
Okay, then.
As you read the scroll labelled NEB ENUECIPP, it crumbles to dust.
It is a scroll of amnesia.
Really abort (and waste the scroll)?
Okay, then.
The gnoll hits you with a +0 club.
* * * LOW HITPOINT WARNING * * *
As you read the scroll labelled MEVETIGRID, it crumbles to dust.
It is a scroll of enchant weapon.
Your +0 dagger glows red for a moment.
The gnoll hits you with a +0 whip!
You die...

#.# #. .# # #.# #.#
.# # ######.# #.# .#
# .......# #.# .# #
######## #.# .# ####
. # #.# ###.#..... .
#
#####.#####...g..##
. #
#...........g)....#
.. #
#.###.#....@g.......
#
#.#.....###.......##
# #.#.#.###
#......## # #....ยง#
#^#.#.## # ###.###
#.#.#.# # #.# #.#.#
# #.# #....
######.## #.. .
#.......#


You could see 3 gnolls.

Vanquished Creatures
  A gnoll (D:3)
  3 adders
  4 dart slugs (D:2)
  9 orcs (D:3)
  3 bats
  6 endoplasms
  A giant cockroach (D:2)
  5 goblins
  2 hobgoblins
  A jackal (D:2)
  3 kobolds (D:2)
  3 quokkas
  5 frilled lizards
  4 rats
50 creatures vanquished.

Vanquished Creatures (others)
  85 foxfires
85 creatures vanquished.

Grand Total: 135 creatures vanquished

Notes
Turn   | Place    | Note
-------+----------+-------------------------------------------
     0 | D:1      | Conn the Octopode Fire Elementalist began the quest for the
                  | Orb.
     0 | D:1      | Reached XP level 1. HP: 11/11 MP: 3/3
   129 | D:1      | Reached XP level 2. HP: 17/17 MP: 0/5
   133 | D:1      | Found a faded altar of an unknown god.
   311 | D:1      | You fall into a shaft and drop 1 floor!
   630 | D:2      | Reached XP level 3. HP: 21/21 MP: 6/6
   653 | D:2      | Found Evymuzym's Antique Weapon Shop.
   695 | D:2      | Reached skill level 3 in Stealth
   922 | D:2      | Found a white marble altar of Elyvilon.
  1172 | D:2      | Reached XP level 4. HP: 27/27 MP: 1/7
  1484 | D:3      | Reached skill level 1 in Short Blades
  1805 | D:3      | Reached skill level 4 in Stealth
  1817 | D:3      | Slain by a gnoll

Illustrated notes

Levels and vault maps discovered:
D:1:      roderic_crossed_star, layout_loops_cross,
          ebering_ecumenical_altar_ruins
D:2:      layout_basic, serial_shops, nicolae_shop_overgrown_old_shop,
          basic_altar, hangedman_feature_mirror, minmay_misc_feat_enclosed,
          roderic_lattice_a
D:3:      layout_loops_ring, bh_walls_and_bars

Skill      XL: |  1  2  3  4 |
---------------+-------------+-----
Stealth        | 3 4 |  4.1
Short Blades   | 1 |  1.3
Fighting       | |  0.2
Dodging        | |  2.4
Spellcasting   | |  2.5
Conjurations   | |  1.5
Fire Magic     | |  3.7

Action                     |  1- 3 |  4- 6 || total
---------------------------+-------+-------++-------
  Melee: Tentacles         |    11 |     5 ||    16
         Unarmed           |     1 |       ||     1
         Dagger            |    39 |     4 ||    43
         Constrict         |    10 |     4 ||    14
         Punch             |     1 |       ||     1
         Staff             |       |    19 ||    19
   Cast: Foxfire           |    30 |    16 ||    46
    Use: Scroll            |       |     2 ||     2
   Stab: Sleeping          |     7 |     1 ||     8
  Dodge: Dodged            |    21 |    20 ||    41

Table legend: (Time is in decaauts)
 A = Elapsed time spent in this place.
 B = Non-inter-level travel time spent in this place.
 C = Inter-level travel time spent in this place.
 D = Time resting spent in this place.
 E = Time spent auto-exploring this place.
 F = Levels seen in this place.
 G = Mean time per level.
                   A        B        C        D        E       F      G
               +--------+--------+--------+--------+--------+-----+--------+
         Total |   1817 |   1803 |     14 |     22 |   1266 |   3 |  605.7 |
       Dungeon |   1817 |   1803 |     14 |     22 |   1266 |   3 |  605.7 |
               +--------+--------+--------+--------+--------+-----+--------+

Top non-repeatable levels by time:
     D:2: 1078 daAuts
     D:3: 428 daAuts
     D:1: 310 daAuts
